[Event "*** Titled Tuesday 3|2 Blitz (Late)"]
[Site "Chess.com"]
[Date "2017.01.03"]
[Round "3"]
[White "Ar4uha"]
[Black "rithwik2002"]
[Result "0-1"]
[WhiteElo "1215"]
[BlackElo "1724"]
[TimeControl "180+2"]
[EndTime "17:32:01 PST"]
[Termination "rithwik2002 won by checkmate"]

1. e4 e6 2. c4 d5 3. exd5 exd5 4.
cxd5 Nf6 5. Bb5+ Bd7 6. Bc4 Bg4 7. Qb3 Bd6 8. Ne2 O-O 9. O-O Nxd5 10. Bxd5 Bxe2 11. Re1 Ba6 12. Bxb7 Bxb7 13. Qxb7 Re8 14. Rf1 Nd7 15. Nc3 Rb8 16. Qd5 Nb6 17. Qf3 Nc4 18.
b3 Ne5 19. Qh3 Nd3 20. Rb1 Bc5 21. Bb2 Nxf2 22. Qf5 Re5 23. Qf3 Qd3 24. Rxf2 Qxb1+ 25. Nd1 Re1# 0-1

[Event "*** Titled Tuesday 3|2 Blitz (Late)"]
[Site "Chess.com"]
[Date "2017.01.03"]
[Round "3"]
[White "jbj"]
[Black "Goala"]
[Result "1-0"]
[WhiteElo "2353"]
[BlackElo "2171"]
[TimeControl "180+2"]
[EndTime "17:32:03 PST"]
[Termination "jbj won on time"]

1. e4 e6 2. b3 d5 3. Bb2 Nf6 4.
exd5 exd5 5. Nf3 Bd6 6. Be2 O-O 7. O-O Bg4 8. h3 Bh5 9. d4 Nbd7 10. Nbd2 Re8 11. c4 c6 12. Re1 Nf8 13. Bd3 Ne6 14.
g4 Nf4 15. Rxe8+ Qxe8 16. Bf1 Bg6 17. Ne5 Qe6 18. Qf3 Ne4 19. Qxf4 f6 20. Nxe4 Bxe4 21. Bg2 fxe5 22. dxe5 Bxg2 23. Kxg2 Bc5 24. Qf5 Qe7 25. cxd5 Rf8 26. d6 Qe8 27. Qe4 Rxf2+ 28. Kg3 Rxb2 29.
Qc4+ Qf7 30. Qxc5 Rd2 31. Qe3 Qd5 32. Kh4 Rd3 33. Qg5 h6 34. Qf5 1-0

[Event "*** Titled Tuesday 3|2 Blitz (Late)"]
[Site "Chess.com"]
[Date "2017.01.03"]
[Round "3"]
[White "avto24"]
[Black "QuintilianoR"]
[Result "0-1"]
[WhiteElo "2345"]
[BlackElo "2528"]
[TimeControl "180+2"]
[EndTime "17:32:09 PST"]
[Termination "QuintilianoR won by resignation"]

1. e4 c5 2. c3 Nf6 3. e5 Nd5 4. d4 cxd4 5. Nf3 e6 6. cxd4 d6 7. Bd3 Nc6 8. a3 Be7 9. O-O dxe5 10.
dxe5 g5 11. Bb5 Bd7 12. Nc3 Nxc3 13. bxc3 g4 14. Bxc6 Bxc6 15. Nd4 h5 16. Be3 Rc8 17. Rb1 Be4 18. Rb3 Bd5 19. Rb1 a6 20. Qc2 Qa5 21. Rfc1 Bxa3 22. Rd1 Qxc3 23. Qe2 Qc4 24. Qe1 Qc3 25.
Qe2 Bc4 26. Qc2 Qxc2 27. Nxc2 Be7 28. Rxb7 Bd5 29. Rxd5 exd5 30. Nd4 Bc5 31. Nf5 O-O 32. Bg5 Rb8 33. Nh6+ Kg7 0-1

[Event "*** Titled Tuesday 3|2 Blitz (Late)"]
[Site "Chess.com"]
[Date "2017.01.03"]
[Round "3"]
[White "fpawn"]
[Black "FLchessplayer"]
[Result "1/2-1/2"]
[WhiteElo "2212"]
[BlackElo "2093"]
[TimeControl "180+2"]
[EndTime "17:32:09 PST"]
[Termination "Game drawn by agreement"]

1. e4 c5 2. Nc3 d6 3. g3 g6 4. Bg2 Bg7 5. d3 e5 6. Be3 Nc6 7. f4 Nge7 8. h3 O-O 9. Nf3 exf4 10.
gxf4 f5 11. O-O b6 12. Qd2 Rb8 13. Rae1 Nd4 14. Bxd4 cxd4 15. Nd5 Nxd5 16. exd5 Qc7 17. Ng5 Bf6 18. Ne6 Bxe6 19. Rxe6 Rbe8 20. Rfe1 Qd7 21.
Qe2 Kf7 22. Kf1 Re7 23. Rxe7+ Qxe7 24. Qxe7+ Bxe7 25. Ke2 Bh4 26. Rf1 Re8+ 27. Kd2 h5 28. c3 Bf6 29. c4 Re3 30. Re1 Rxe1 31. Kxe1 Bh4+ 32. Ke2 Bg3 33. Kf3 Be1 34. Ke2 Bg3 35. Kf3 Be1 36. Bf1 Bd2 37. Be2 Kf6 38. Bd1 g5 39.
fxg5+ Kxg5 40. Ba4 Bc1 41. b3 Be3 42. Bd7 a5 43. a3 Bc1 44. a4 Be3 45. Bc8 Kf6 46.
Be6 h4 47. Bd7 Bc1 48. Bc8 Bd2 49. Bd7 Be3 50. Bc8 Bd2 51. Bd7 Be3 52. Be6 Bd2 53. Bc8 Be3 54. Be6 Bd2 55. Bc8 Be3 1/2-1/2

[Event "*** Titled Tuesday 3|2 Blitz (Late)"]
[Site "Chess.com"]
[Date "2017.01.03"]
[Round "3"]
[White "1random"]
[Black "DiamondCrusher22"]
[Result "0-1"]
[WhiteElo "2003"]
[BlackElo "1846"]
[TimeControl "180+2"]
[EndTime "17:32:11 PST"]
[Termination "DiamondCrusher22 won by checkmate"]

1. d4 d5 2. e4 dxe4 3. Nc3 Nf6 4. f3 exf3 5. Nxf3 e6 6. Bd3 Be7 7. O-O Nc6 8. Be3 Nd5 9. Bd2 Nf6 10. Qe2 Nxd4 11.
Nxd4 Qxd4+ 12. Be3 Qg4 13. Qf2 Qh5 14. Bf4 Bc5 15. Be3 Ng4 16. Qg3 Bxe3+ 17. Kh1 Bc5 18. Qxc7 O-O 19. Ne4 e5 20. h3 Bb6 21. Qe7 Nh6 22.
Nd6 Bxh3 23. Qd8 Bg4+ 24. Qh4 Qxh4# 0-1

[Event "*** Titled Tuesday 3|2 Blitz (Late)"]
[Site "Chess.com"]
[Date "2017.01.03"]
[Round "3"]
[White "pedromartinez91"]
[Black "VerdeNotte"]
[Result "0-1"]
[WhiteElo "2294"]
[BlackElo "2493"]
[TimeControl "180+2"]
[EndTime "17:32:21 PST"]
[Termination "VerdeNotte won by resignation"]

1. e4 c5 2. Nf3 d6 3. Bb5+ Nc6 4. O-O Bd7 5. Re1 Nf6 6. c3 a6 7. Bxc6 Bxc6 8. d4 Bxe4 9. Nbd2 Bc6 10. c4 g6 11. d5 Bd7 12. Qb3 Bg7 13. Qxb7 O-O 14.
Qb3 Rb8 15. Qe3 Re8 16. Qa3 Rb4 17. h3 Qb8 18. Qxa6 Ra4 19. Qxa4 Bxa4 20. b3 Nxd5 21. cxd5 Bxa1 22. bxa4 Qb7 23. Ne4 Qxd5 24. Bg5 Qxa2 25. Nxd6 Bc3 26. Re3 Qb1+ 27. Kh2 Qb8 28. Rxc3 exd6 29.
g3 Qb2 30. Bd2 Re2 31. Rd3 Rxf2+ 32. Kg1 Rxf3 0-1

[Event "*** Titled Tuesday 3|2 Blitz (Late)"]
[Site "Chess.com"]
[Date "2017.01.03"]
[Round "3"]
[White "simplerXiao"]
[Black "platy3"]
[Result "0-1"]
[WhiteElo "2367"]
[BlackElo "2619"]
[TimeControl "180+2"]
[EndTime "17:32:24 PST"]
[Termination "platy3 won by resignation"]

1. e4 c5 2. Nf3 e6 3. d4 cxd4 4.
Nxd4 Nf6 5. Nc3 d6 6. g4 e5 7. Nf5 h5 8. g5 Nxe4 9. Nxg7+ Bxg7 10. Nxe4 d5 11. Ng3 Bg4 12. Be2 Nc6 13. Bxg4 hxg4 14. Qxg4 Nd4 15. O-O Rh4 16. Qd1 Qc8 17. f4 e4 18. Be3 Qh3 19. Qd2 Nf3+ 20. Rxf3 exf3 21. Re1 O-O-O 22. Bxa7 Rdh8 23. c3 d4 24. cxd4 Qxh2+ 25. Qxh2 Rxh2 26. Re8+ Rxe8 27. Kxh2 Re2+ 28. Kh3 Rxb2 29.
a3 b6 30. Kg4 f2 31. Kf3 Kb7 32. Kg2 Kxa7 33. Nf5 Bf8 34. d5 Bc5 35. d6 Rb1 36. Ng3 Rg1+ 37. Kf3 Rxg3+ 38. Kxg3 f1=Q 0-1

[Event "*** Titled Tuesday 3|2 Blitz (Late)"]
[Site "Chess.com"]
[Date "2017.01.03"]
[Round "3"]
[White "ChristopherYoo"]
[Black "TrickyTrapChess"]
[Result "0-1"]
[WhiteElo "2057"]
[BlackElo "2150"]
[TimeControl "180+2"]
[EndTime "17:32:26 PST"]
[Termination "TrickyTrapChess won by resignation"]

1. e4 c5 2. Nf3 g6 3. d4 cxd4 4.
Nxd4 Bg7 5. Nc3 Nc6 6. Be3 Nf6 7. f3 O-O 8. Qd2 d5 9. exd5 Nxd5 10. Nxc6 bxc6 11.
Bd4 e5 12. Bc5 Re8 13. O-O-O Be6 14. Ne4 h6 15. c4 Nb6 16. Nd6 Re7 17. Qe3 Rd7 18. Be2 Rb8 19. Qa3 Qg5+ 20. Kb1 e4 21.
Nxe4 Qxg2 22. Bxb6 Rxd1+ 23. Rxd1 Qxe2 24. Rd2 Qe1+ 25. Kc2 Rxb6 26. b3 Bf5 27. Rd8+ Kh7 28.
Re8 Qc3+ 29. Kd1 Qd3+ 30. Ke1 Qxf3 31. Nd2 Qh1+ 32. Ke2 Qxh2+ 33. Kd1 Qg1+ 34. Re1 Qg4+ 35. Kc1 Qd4 36. Kd1 Qa1+ 37. Ke2 Qc3 38. Qc5 Qd3+ 39. Kd1 Bb2 40. Qe3 Bg4+ 41. Re2 Qxe3 0-1

[Event "*** Titled Tuesday 3|2 Blitz (Late)"]
[Site "Chess.com"]
[Date "2017.01.03"]
[Round "3"]
[White "pKiLz5Rn9b"]
[Black "stalyansky"]
[Result "1-0"]
[WhiteElo "2464"]
[BlackElo "1085"]
[TimeControl "180+2"]
[EndTime "17:32:30 PST"]
[Termination "pKiLz5Rn9b won by resignation"]

1. e4 e5 2. Nf3 Nc6 3. Bc4 Bc5 4.
c3 Nf6 5. d3 a6 6. h3 Ba7 7. Bb3 d6 8. Nbd2 Be6 9. Nf1 Qe7 10. Ng3 h6 11. Be3 Bxe3 12. fxe3 O-O-O 13. O-O g5 14. Nd2 g4 15. h4 Nd7 16. Bxe6 fxe6 17. Qxg4 Rdg8 18. Qh3 h5 19. Nf3 Nf6 20. Ng5 Ng4 21.
Ne2 d5 22. Rf7 Qd6 23. d4 Nd8 24. Rf3 dxe4 25. Nxe4 Qb6 26. Rb1 Qb5 27. N2g3 Qd3 28.
Re1 Rf8 29. Ref1 Rxf3 30. Rxf3 Nxe3 31. Nf1 Qxe4 32. Rxe3 Qb1 33. Rxe5 Rf8 34. g3 Qxb2 35. Qg2 Qxc3 36. Qe2 Qxd4+ 37. Kg2 Qa4 38. Qxh5 Qxa2+ 39. Qe2 Qa4 40. h5 Nc6 41. Re4 Qa1 42. Rxe6 Nd8 43. Re4 Qh8 44. g4 b5 45. Ng3 Nc6 46. Nf5 Qg8 47. Re6 Rxf5 48. Re8+ Kb7 49. Rxg8 1-0

[Event "*** Titled Tuesday 3|2 Blitz (Late)"]
[Site "Chess.com"]
[Date "2017.01.03"]
[Round "3"]
[White "beastfromweast"]
[Black "ItalianMachine"]
[Result "1-0"]
[WhiteElo "2292"]
[BlackElo "2220"]
[TimeControl "180+2"]
[EndTime "17:32:31 PST"]
[Termination "beastfromweast won by resignation"]

1. d4 Nf6 2. Nf3 d5 3. c4 dxc4 4. e3 c5 5. Bxc4 e6 6. O-O Nc6 7. Nc3 Be7 8. dxc5 Qxd1 9. Rxd1 O-O 10. a3 Bxc5 11. b4 Bb6 12. Bb2 Bd7 13. Na4 Rfd8 14. Nxb6 axb6 15. Rd2 Ne4 16. Rd3 Be8 17. Rad1 Rxd3 18.
Rxd3 Rc8 19. Bb3 Rd8 20. Rxd8 Nxd8 21. Kf1 f6 22. Ke2 Kf7 23. Nd4 Ke7 24. f3 Nd6 25. e4 e5 26. Nc2 Bb5+ 27. Ke3 Nc4+ 28. Bxc4 Bxc4 29. Ne1 Nf7 30. Nd3 Nd6 31. Kd2 Ba6 32.
Kc3 Nc4 33. Bc1 Ke6 34. a4 b5 35. Nc5+ Kd6 36. axb5 Bxb5 37. Nxb7+ Kc7 38. Nc5 Kd6 39. Nd3 Nb6 40. Be3 Na4+ 41. Kd2 g6 42. g3 Bc6 43.
Bc5+ Ke6 44. Kc2 f5 45. Nf2 Nxc5 46. bxc5 Bb5 47. Nd3 fxe4 48. fxe4 Bc6 49. Nf2 Bb5 50. Kc3 Bf1 51. Kb4 Kd7 52. Ng4 Ke6 53. Ka5 h5 54.
Nf2 Kd7 55. Kb6 Bg2 56. Kb7 1-0

[Event "*** Titled Tuesday 3|2 Blitz (Late)"]
[Site "Chess.com"]
[Date "2017.01.03"]
[Round "3"]
[White "capatl"]
[Black "calemcc"]
[Result "0-1"]
[WhiteElo "2276"]
[BlackElo "2211"]
[TimeControl "180+2"]
[EndTime "17:32:33 PST"]
[Termination "calemcc won by resignation"]

1. c4 e6 2. Nc3 d5 3. cxd5 exd5 4.
d4 c6 5. Nf3 Bf5 6. g3 Nd7 7. Bg2 Ngf6 8. O-O Be7 9. Bg5 O-O 10.
a3 Re8 11. b4 a6 12. Qb3 Ne4 13. Bxe7 Qxe7 14. e3 Ndf6 15. a4 Bg4 16. Ra2 Nxc3 17. Qxc3 Ne4 18. Qb3 Qe6 19. Rc1 Bh3 20. Bh1 Qf6 21.
b5 axb5 22. axb5 cxb5 23. Rac2 Rad8 24. Qxb5 Bg4 25. Ne5 Bf5 26. Rb2 Re7 27. Qb6 Rd6 28. Qa7 h6 29. Rxb7 Rxb7 30. Qxb7 Rb6 31. Qxd5 Nxf2 32. Bf3 Nh3+ 33. Kh1 Nf2+ 34. Kg1 Nh3+ 35. Kh1 Nf2+ 36. Kg2 Rb2 37. Rc6 Be6 38. Qd6 Ng4+ 39. Kg1 Nxe5 0-1

[Event "*** Titled Tuesday 3|2 Blitz (Late)"]
[Site "Chess.com"]
[Date "2017.01.03"]
[Round "3"]
[White "Hikaru"]
[Black "MbMaster"]
[Result "1-0"]
[WhiteElo "2845"]
[BlackElo "2380"]
[TimeControl "180+2"]
[EndTime "17:32:34 PST"]
[Termination "Hikaru won by resignation"]

1. b3 e5 2. Bb2 Nc6 3. g3 d5 4.
Bg2 Be6 5. e3 Qd7 6. d3 Bd6 7.
a3 Nge7 8. Nd2 O-O 9. b4 Rae8 10. c4 dxc4 11. dxc4 Ng6 12. c5 Be7 13. h4 Bf6 14. Ne4 Qxd1+ 15. Rxd1 Rd8 16. h5 Nge7 17. Nxf6+ gxf6 18. Ne2 Rxd1+ 19. Kxd1 Bb3+ 20. Kc1 Rd8 21. Nc3 h6 22. Ne4 Kg7 23. Nd2 Bd5 24. e4 Be6 25. f4 Bg4 26. Nf3 Rd3 27. fxe5 Bxf3 28. exf6+ Kf8 29.
fxe7+ Nxe7 30. Bxf3 Rxf3 31. Rd1 Nc6 32. g4 Ke7 33. g5 hxg5 34. Rh1 g4 35. h6 g3 36. Rg1 g2 37. Rxg2 Rh3 38. Bg7 Ke6 39. Rf2 Ne5 40. Bxe5 Kxe5 41. Rxf7 Rxh6 42. Rxc7 Kxe4 43. Rxb7 Kd3 44. Rxa7 Rh1+ 45. Kb2 Kc4 46. Rg7 Rh2+ 47. Kc1 Rh3 48. Ra7 Kc3 49. Kd1 Kd3 50. Ke1 Kc4 51. c6 Rh6 52. c7 Rc6 53. Rb7 Kb3 54. b5 Rc1+ 55. Kf2 Ka4 56. b6 Ka5 57. Rb8 Ka6 1-0

[Event "*** Titled Tuesday 3|2 Blitz (Late)"]
[Site "Chess.com"]
[Date "2017.01.03"]
[Round "3"]
[White "chesstatour"]
[Black "norwaytoadog"]
[Result "0-1"]
[WhiteElo "1793"]
[BlackElo "1945"]
[TimeControl "180+2"]
[EndTime "17:32:36 PST"]
[Termination "norwaytoadog won on time"]

1. c4 Nf6 2. Nc3 e5 3. e4 Nc6 4.
Nf3 Bb4 5. d3 O-O 6. Be2 Re8 7.
O-O Nd4 8. a3 Bxc3 9. bxc3 Nxe2+ 10. Qxe2 d6 11. h3 c6 12. Bg5 h6 13. Bh4 g5 14.
Nxg5 hxg5 15. Bxg5 Re6 16. f4 Qb6+ 17. Kh2 Nh7 18.
f5 Nxg5 19. fxe6 Nxe6 20. Qf3 Qc7 21. Ra2 Qe7 22. Raf2 Bd7 23. Qxf7+ Qxf7 24. Rxf7 Rd8 25. R7f6 Nf4 26. d4 Ne2 27. Rxd6 exd4 28. cxd4 b5 29. c5 Nc3 30. Re1 Kf7 0-1

[Event "*** Titled Tuesday 3|2 Blitz (Late)"]
[Site "Chess.com"]
[Date "2017.01.03"]
[Round "3"]
[White "eltenedor"]
[Black "MattyDPerrine"]
[Result "0-1"]
[WhiteElo "2052"]
[BlackElo "2256"]
[TimeControl "180+2"]
[EndTime "17:32:47 PST"]
[Termination "MattyDPerrine won by resignation"]

1. c4 Nf6 2. g3 c5 3. Bg2 g6 4. Nc3 Bg7 5. e3 Nc6 6. Nge2 O-O 7. O-O d6 8. d4 Bd7 9. b3 Rc8 10.
Bb2 Bf5 11. e4 Bg4 12. h3 cxd4 13. hxg4 dxc3 14. Nxc3 Nd7 15. Na4 Bxb2 16. Nxb2 Nc5 17. f4 e5 18. g5 Rc7 19. f5 Qxg5 20. Qxd6 Qe3+ 21. Rf2 Rd7 22. Qf6 Rd2 23. Rf1 Rxb2 24. fxg6 hxg6 25. Kh2 Rxf2 26. Rxf2 Nd3 27. Rf3 Qh6+ 28.
Kg1 Ne1 29. Rf2 Nxg2 30. Rxg2 Rd8 31. Qf1 Qe3+ 32. Kh2 Kg7 0-1

[Event "*** Titled Tuesday 3|2 Blitz (Late)"]
[Site "Chess.com"]
[Date "2017.01.03"]
[Round "3"]
[White "boredoldman"]
[Black "Anton_Demchenko"]
[Result "0-1"]
[WhiteElo "2504"]
[BlackElo "2658"]
[TimeControl "180+2"]
[EndTime "17:32:49 PST"]
[Termination "Anton_Demchenko won by checkmate"]

1. e4 e5 2. Nf3 Nc6 3. d4 exd4 4.
Bc4 Nf6 5. O-O Nxe4 6. Re1 d5 7.
Bxd5 Qxd5 8. Nc3 Qh5 9. Nxe4 Be6 10. Bg5 h6 11. Bf6 Qg6 12. Nh4 Qh7 13. f4 Be7 14.
f5 gxf6 15. fxe6 fxe6 16. Ng3 e5 17. Qh5+ Qf7 18. Qf5 Rg8 19. c3 Rg5 20. Qf3 O-O-O 21. Ne4 Rgg8 22. Nf5 Bf8 23. Rad1 Kb8 24. cxd4 exd4 25.
Rf1 a6 26. Nfg3 Qxa2 27. Nxf6 Rh8 28. Nge4 Be7 29. b3 Bxf6 30. Qxf6 Rhe8 31. Nc5 Qa3 32. Rc1 Rd6 33. Qf5 d3 34. Nxd3 Nd4 35. Qf7 Rc8 36.
Ne5 Ne2+ 37. Kh1 Nxc1 38. Nc4 Qc5 39. b4 Qxb4 40. Rxc1 Rc6 41. Qd5 Qc5 42. Qxc5 Rxc5 43.
Rc2 b5 44. Ne3 Rxc2 45. Nxc2 c5 46. Kg1 b4 47. Ne3 c4 48. Nd5 b3 49. Nc3 Rd8 50. Kf1 Rd3 51. Na4 c3 52. Ke2 c2 53.
Nc5 c1=Q 54. Nxd3 Qc2+ 55. Ke3 b2 56. Nxb2 Qxb2 57. Kf3 a5 58. Kg3 a4 59. Kh3 a3 60. g4 a2 61. g5 hxg5 62. Kg4 Qxh2 63. Kxg5 Qf2 64. Kg4 a1=Q 65. Kh3 Qh1+ 66. Kg4 Qhg1+ 67.
Kh3 Qfh2# 0-1

[Event "*** Titled Tuesday 3|2 Blitz (Late)"]
[Site "Chess.com"]
[Date "2017.01.03"]
[Round "3"]
[White "NoWuss2"]
[Black "HouseOfDurin"]
[Result "1-0"]
[WhiteElo "2057"]
[BlackElo "1832"]
[TimeControl "180+2"]
[EndTime "17:32:49 PST"]
[Termination "NoWuss2 won by resignation"]

1. e4 c5 2. Nf3 Nc6 3. Bb5 g6 4.
O-O Bg7 5. Re1 e5 6. Nc3 Nge7 7. a4 O-O 8. d3 h6 9. h3 d6 10. Bd2 Be6 11. Bc4 d5 12. exd5 Nxd5 13. Ne4 b6 14. c3 f5 15. Ng3 Qd7 16. Qc1 Kh7 17. h4 Nc7 18. Bb5 Nxb5 19. axb5 Na5 20. Rxa5 bxa5 21. Nxe5 Qxb5 22. Nxg6 Kxg6 23. Rxe6+ Rf6 24.
Rxf6+ Bxf6 25. Bxh6 Qxd3 26. h5+ Kh7 27. Bg5 Rf8 28.
Bxf6 Rxf6 29. Qg5 Re6 30. Nxf5 Qd7 31. Kh2 Qf7 32. g4 Re5 33. Kg3 a4 34. Qh6+ Kg8 35. Qf4 Kf8 36. Qxe5 1-0

[Event "*** Titled Tuesday 3|2 Blitz (Late)"]
[Site "Chess.com"]
[Date "2017.01.03"]
[Round "3"]
[White "Andrejkin"]
[Black "amurdercastle"]
[Result "0-1"]
[WhiteElo "2200"]
[BlackElo "2346"]
[TimeControl "180+2"]
[EndTime "17:32:59 PST"]
[Termination "amurdercastle won by checkmate"]

1. d4 d5 2. Nf3 Nf6 3. c4 c6 4.
Nc3 e6 5. Bg5 dxc4 6. a4 Bb4 7.
Bxf6 Qxf6 8. e4 b5 9. Be2 Bb7 10. O-O a6 11. e5 Qd8 12. Rc1 Nd7 13. b3 cxb3 14. Qxb3 Be7 15. Ne4 b4 16. Rfd1 a5 17. h4 O-O 18. Bd3 h6 19. Bb1 Re8 20. Qc2 Nf8 21.
Nc5 Bc8 22. h5 Qb6 23. Nd2 Rd8 24. Nc4 Qc7 25. Ne3 Rb8 26. f4 Qa7 27. g4 Qb6 28. g5 hxg5 29. f5 exf5 30. Nxf5 Bxf5 31. Qxf5 Rxd4 32. Rf1 Rf4 33. Rxf4 Bxc5+ 34. Rxc5 Qxc5+ 35. Rf2 Qd5 36. Ba2 b3 37. Bb1 Rb4 38. h6 Rh4 39. hxg7 Rh1# 0-1

[Event "*** Titled Tuesday 3|2 Blitz (Late)"]
[Site "Chess.com"]
[Date "2017.01.03"]
[Round "3"]
[White "PelinGorki"]
[Black "Genghis_K"]
[Result "0-1"]
[WhiteElo "2411"]
[BlackElo "2719"]
[TimeControl "180+2"]
[EndTime "17:33:19 PST"]
[Termination "Genghis_K won by resignation"]

1. e4 c6 2. Nc3 d5 3. Nf3 Nf6 4.
e5 Ne4 5. Ne2 Qb6 6. d4 Bf5 7.
Nh4 Bd7 8. f3 Nc5 9. dxc5 Qb4+ 10. c3 Qxh4+ 11. g3 Qh5 12. f4 f6 13. exf6 gxf6 14.
Qb3 Bc8 15. Nd4 Nd7 16. Be2 Qh3 17. Bf1 Qh5 18. Be2 Qf7 19. Qd1 h5 20. b4 e5 21.
Nf3 e4 22. Nd4 f5 23. Be3 a5 24. a3 Nf6 25. Nb3 h4 26. Kd2 a4 27. Nd4 Bd7 28. Rc1 Rg8 29. Rg1 Be7 30. c4 hxg3 31. hxg3 Rh8 32.
Rh1 Rxh1 33. Qxh1 O-O-O 34. Qd1 dxc4 35. Bxc4 Qg6 36. Qxa4 Kb8 37. Rg1 Ng4 38. Qb3 Nxe3 39. Kxe3 Bc8 40. Ne2 Qg4 41. Kf2 Bf6 42. Qe3 Qh5 43.
a4 Be6 44. Bxe6 Rd3 45. g4 Qh2+ 46. Rg2 Bh4+ 47. Ng3 Qh3 0-1

[Event "*** Titled Tuesday 3|2 Blitz (Late)"]
[Site "Chess.com"]
[Date "2017.01.03"]
[Round "3"]
[White "Kawhi_Leonard2"]
[Black "BCNUM8"]
[Result "1-0"]
[WhiteElo "2212"]
[BlackElo "2132"]
[TimeControl "180+2"]
[EndTime "17:33:19 PST"]
[Termination "Kawhi_Leonard2 won by resignation"]

1. e4 Nc6 2. Nf3 d6 3. d4 Nf6 4. Nc3 Bg4 5. Be2 e6 6. Be3 Be7 7. Qd2 a6 8. h3 Bxf3 9. Bxf3 d5 10.
e5 Nd7 11. g3 Nb6 12. Be2 Na5 13. b3 Nc6 14. f4 O-O 15. O-O f6 16. exf6 Bxf6 17.
Bg4 Qd6 18. Ne2 Ne7 19. Kg2 Nf5 20. Ng1 Rae8 21. Nf3 Nh6 22. Ne5 Nxg4 23. hxg4 Bxe5 24. dxe5 Qe7 25. Bxb6 cxb6 26. c4 Rd8 27. cxd5 Rxd5 28. Qe2 Rfd8 29. Rad1 Qc5 30. Rxd5 Rxd5 31. Rf2 Qc3 32. Qc4 Qxc4 33. bxc4 Rc5 34. Rb2 Rc6 35. Kf3 Kf7 36. Ke3 Ke7 37. Kd4 Kd7 38. g5 Ke7 39.
Rh2 Kf7 40. Rxh7 Kg6 41. Rh8 Rc7 42. g4 Rd7+ 43. Ke4 Rc7 44. Kd4 Rd7+ 45. Ke3 Rc7 46. Re8 Kf7 47. Rb8 Ke7 48. f5 Kf7 49. g6+ Ke7 50.
Rg8 Rxc4 51. Rxg7+ Kf8 52. Rf7+ Kg8 53. fxe6 Rxg4 54.
e7 1-0

[Event "*** Titled Tuesday 3|2 Blitz (Late)"]
[Site "Chess.com"]
[Date "2017.01.03"]
[Round "3"]
[White "Gordima"]
[Black "GianmarcoVaR"]
[Result "1-0"]
[WhiteElo "2476"]
[BlackElo "2385"]
[TimeControl "180+2"]
[EndTime "17:33:24 PST"]
[Termination "Gordima won by resignation"]

1. e4 c5 2. f4 e6 3. Nf3 d5 4.
Bb5+ Bd7 5. Bxd7+ Qxd7 6. d3 dxe4 7. dxe4 Qxd1+ 8. Kxd1 Nf6 9. Nbd2 Nc6 10. c3 O-O-O 11.
Kc2 Ng4 12. Re1 Bd6 13. Nc4 b5 14. Nxd6+ Rxd6 15. Re2 Kb7 16. h3 Nh6 17. Be3 c4 18.
a4 a6 19. axb5 axb5 20. Ne5 Nxe5 21. Ra7+ Kb8 22. fxe5 Rd3 23. Ra5 Rd7 24. Rxb5+ Rb7 25. Rxb7+ Kxb7 26. Rd2 Rf8 27. Rd7+ Kc6 28. Rd6+ Kb7 29.
Rb6+ Kc7 30. Rb4 Ng8 31. Rxc4+ Kd7 32. b4 f6 33. exf6 gxf6 34. Kb3 Ra8 35. Bb6 Ne7 36.
Rc7+ Ke8 37. Bc5 Ng6 38. Rxh7 Ra1 39. h4 Rh1 40. h5 Ne5 41. Re7+ Kd8 42. Rxe6 Ng4 43.
Rd6+ Kc7 44. Rd5 Ne5 45. Bd6+ Kc6 46. Bxe5 1-0

[Event "*** Titled Tuesday 3|2 Blitz (Late)"]
[Site "Chess.com"]
[Date "2017.01.03"]
[Round "3"]
[White "yurisolo"]
[Black "Mornar1951"]
[Result "1-0"]
[WhiteElo "2457"]
[BlackElo "2572"]
[TimeControl "180+2"]
[EndTime "17:33:41 PST"]
[Termination "yurisolo won by resignation"]

1. e4 e6 2. d4 d5 3. Nc3 Nf6 4.
e5 Nfd7 5. f4 c5 6. Nf3 Nc6 7.
Be3 Qb6 8. Na4 Qa5+ 9. c3 cxd4 10. b4 Qc7 11. Nxd4 Nxd4 12. Qxd4 Be7 13. Rc1 f6 14. exf6 Bxf6 15. Qd2 O-O 16. Bd3 Nb6 17. Nb2 Bd7 18. O-O a6 19. c4 Bxb2 20. Qxb2 Nxc4 21. Qc2 h6 22. Qe2 a5 23. Bb1 axb4 24. Qd3 Rf5 25. Qd4 Rf6 26. Qd3 Rf5 27. Qd4 Rf6 28. f5 Qd8 29.
fxe6 Bxe6 30. Qd3 Nxe3 31. Qxe3 Bf7 32. Qd4 Qb6 33. Qxb6 Rxb6 34. Rc7 Be6 35. Re7 d4 36.
Rf2 b3 37. axb3 Ra1 38. Rf1 g5 39. Bh7+ Kh8 40. Rxa1 d3 41. Ra8+ 1-0

[Event "*** Titled Tuesday 3|2 Blitz (Late)"]
[Site "Chess.com"]
[Date "2017.01.03"]
[Round "3"]
[White "Fh2411"]
[Black "Dr-Bassem"]
[Result "0-1"]
[WhiteElo "2387"]
[BlackElo "2659"]
[TimeControl "180+2"]
[EndTime "17:33:46 PST"]
[Termination "Dr-Bassem won by resignation"]

1. d4 f5 2. Nf3 e6 3. g3 Nf6 4. Bg2 Be7 5. O-O O-O 6. c4 d6 7.
b3 Qe8 8. Bb2 Nbd7 9. Nc3 Ne4 10. Nd2 Nxd2 11. Qxd2 e5 12. Nd5 Bd8 13. dxe5 dxe5 14.
Rad1 c6 15. Ne3 f4 16. Nc2 Bb6 17. b4 fxg3 18. hxg3 Nf6 19. c5 Bc7 20. Ne3 Be6 21.
a3 Qh5 22. Qc2 Rae8 23. Rd2 Kh8 24. Rfd1 Re7 25. Rd6 Bxd6 26. cxd6 Rd7 27. Qc5 Qxe2 28. Bxe5 Ng4 29. Rf1 Rxf2 30. Bf4 Rxg2+ 31. Nxg2 Bd5 32. Rf2 Qxf2+ 33. Qxf2 Nxf2 34. Kxf2 Bxg2 35. Kxg2 Kg8 36.
Kf3 Kf7 37. Ke4 Ke6 38. Kd4 b6 39.
a4 Rf7 40. a5 h6 0-1

[Event "*** Titled Tuesday 3|2 Blitz (Late)"]
[Site "Chess.com"]
[Date "2017.01.03"]
[Round "3"]
[White "Kanthecarowin"]
[Black "Izoria123"]
[Result "0-1"]
[WhiteElo "2251"]
[BlackElo "2425"]
[TimeControl "180+2"]
[EndTime "17:33:54 PST"]
[Termination "Izoria123 won by resignation"]

1. d4 Nf6 2. c4 g6 3. Nc3 Bg7 4. e4 d6 5. Be2 O-O 6. Be3 c6 7.
Nf3 e5 8. d5 Ng4 9. Bg5 f6 10.
Bh4 c5 11. Nd2 h5 12. a3 Na6 13. h3 Nh6 14. f3 Nf7 15. Rb1 Bh6 16. Bf2 f5 17. b4 Bf4 18. g4 fxg4 19. fxg4 h4 20.
Nf3 Bg3 21. O-O Bxf2+ 22. Rxf2 Ng5 23. Kg2 Bd7 24. Qd2 Rf4 25. Nxe5 Rxf2+ 26. Kxf2 dxe5 27. d6 Qf6+ 28. Kg2 Ne6 29. Nd5 Nf4+ 30. Nxf4 Qxf4 31. Qd5+ Kh8 32. Qxb7 Qg3+ 33. Kh1 Qxh3+ 34. Kg1 Qg3+ 35.
Kh1 Rf8 36. Qxd7 Qh3+ 37. Kg1 Qg3+ 38. Kh1 Qh3+ 39. Kg1 Qe3+ 40. Kh1 Qxe2 41. Qe7 Qxe4+ 42. Kh2 Rf2+ 43. Kh3 Qxb1 44. Qxe5+ Kg8 45. Qe6+ Rf7 46. Qe8+ Kg7 47. Qe5+ Kh7 48. d7 Qh1+ 0-1

[Event "*** Titled Tuesday 3|2 Blitz (Late)"]
[Site "Chess.com"]
[Date "2017.01.03"]
[Round "3"]
[White "attack2mateU"]
[Black "severomorskij"]
[Result "0-1"]
[WhiteElo "2337"]
[BlackElo "2597"]
[TimeControl "180+2"]
[EndTime "17:33:58 PST"]
[Termination "severomorskij won by resignation"]

1. e4 c5 2. Nf3 Nc6 3. d4 cxd4 4.
Nxd4 e5 5. Nb5 d6 6. c4 Be7 7. N1c3 a6 8. Na3 Be6 9. Be2 Nf6 10. O-O O-O 11. Be3 Rc8 12. Qd2 h6 13. Rac1 Ne8 14. Nd5 Bg5 15. Nc2 Bxe3 16. Qxe3 f5 17. exf5 Bxd5 18.
cxd5 Ne7 19. Qb3 Nxf5 20. Qxb7 Nf6 21. Qxa6 Kh8 22. Nb4 Ra8 23. Qd3 e4 24. Qd2 Qb6 25. Rc6 Qa5 26. a3 Rae8 27. Rfc1 Qd8 28. Nc2 e3 29.
Nxe3 Ne4 30. Qd3 Nxf2 31. Kxf2 Rxe3 32. Qc4 Qg5 33. Rc8 Ree8 34. Rxe8 Rxe8 35. Bf3 Qd2+ 36. Kg1 Qxb2 37. Qc6 Qe5 38. a4 Qe3+ 39. Kh1 Nd4 40.
Qc4 Nxf3 41. gxf3 Qxf3+ 42. Kg1 Re4 43. Qc8+ Kh7 44. Qc2 Qf5 45. a5 Qg6+ 46. Kh1 Re1+ 47. Rxe1 Qxc2 48. a6 Qa4 0-1

[Event "*** Titled Tuesday 3|2 Blitz (Late)"]
[Site "Chess.com"]
[Date "2017.01.03"]
[Round "3"]
[White "JustKid"]
[Black "AdrianaNikolova"]
[Result "0-1"]
[WhiteElo "2226"]
[BlackElo "2251"]
[TimeControl "180+2"]
[EndTime "17:34:08 PST"]
[Termination "AdrianaNikolova won by resignation"]

1. d4 d5 2. Bf4 c6 3. e3 Nf6 4. c4 Bg4 5. Qb3 Qb6 6. Nc3 e6 7. Nf3 Bxf3 8. gxf3 Nbd7 9. c5 Qxb3 10. axb3 a6 11. b4 Rc8 12. Rg1 g6 13. Kd2 Bg7 14.
Bd6 Bf8 15. Bf4 Nh5 16. Bg5 Bg7 17. f4 O-O 18. Ne2 f6 19. Bh4 e5 20. Bh3 Rc7 21. Be6+ Kh8 22. fxe5 fxe5 23. Be7 Re8 24. Bd6 Rxe6 25. Bxc7 Nhf6 26. f3 Ne8 27. Bd8 Kg8 28.
f4 exd4 29. Nxd4 Bxd4 30. exd4 Re4 31. f5 Rxd4+ 32. Kc3 Rc4+ 33. Kb3 Nf8 34. Rae1 Ng7 35. f6 Nf5 36. Be7 Nd4+ 37. Ka2 Nf3 38. f7+ Kg7 39.
Bxf8+ Kxf8 40. Rgf1 Nxe1 41. Rxe1 Rxb4 42. Ka3 Rc4 43.
b4 Kxf7 44. Ka4 d4 45. Ka5 d3 46. Rd1 Rd4 47. Rd2 Ke6 48. h3 Kd5 49. Rd1 Ke4 50. Kb6 Rxb4+ 51. Kc7 Rb5 52. h4 Ke3 0-1